 Dungeon Crawl Stone Soup version 0.30-a0-702-gdf48620a09 (webtiles) character file.

Game seed: 10549467141697828441

9 wormed the Firebug (level 2, 0/20 HPs)
             Began as a Demonspawn Fire Elementalist on Jan 21, 2023.
             Slain by a jackal (3 damage)
             ... on level 1 of the Dungeon.
             The game lasted 00:00:54 (486 turns).

wormed the Firebug (Demonspawn Fire Elementalist)    Turns: 486, Time: 00:00:55

Health: 0/20       AC:  2    Str:  8    XL:     2   Next: 3%
Magic:  1/5        EV: 12    Int: 16    God:
Gold:   7          SH:  0    Dex: 13    Spells: 4/5 levels left

rFire   . . .      SeeInvis .    (no weapon)
rCold   . . .      Faith    .    (no shield)
rNeg    . . .      Spirit   .    a - +0 robe
rPois   .          Reflect  .    (no helmet)
rElec   .          Harm     .    (no cloak)
rCorr   .          Rampage  .    (no gloves)
Will    .....                    (no boots)
Stlth   ++                       (no amulet)
HPRegen 0.23/turn                (no ring)
MPRegen 0.09/turn                (no ring)

@: no status effects
A: demonic guardian 1
a: no special abilities


You were on level 1 of the Dungeon.
You visited 1 branch of the dungeon, and saw 1 of its levels.

You collected 7 gold pieces.

Inventory:

Armour
 a - a +0 robe (worn)
Jewellery
 e - a ring of poison resistance
Scrolls
 d - a scroll of fog {unknown}
Potions
 b - a potion of magic
 c - a potion of resistance {unknown}
 f - a potion of might {unknown}


   Skills:
 + Level 0.5 Fighting
 + Level 1.9 Dodging
 + Level 1.9 Stealth
 + Level 2.1 Spellcasting
 + Level 1.1 Conjurations
 + Level 2.7 Fire Magic


You had 4 spell levels left.
You knew the following spells:

 Your Spells              Type           Power      Damage    Failure   Level
a - Foxfire               Conj/Fire      32%        2x1d5     9%          1

Your spell library contained the following spells:

 Spells                   Type           Power      Damage    Failure   Level
 Scorch                   Fire           20%        2d6       10%         2
 Inner Flame              Hex/Fire       6%         N/A       34%         3
 Kindle Blastsparks       Fire/Tloc/Air  8%         2d10      38%         3
 Flame Wave               Conj/Fire      8%         2d5       65%         4


Dungeon Overview and Level Annotations

Branches:
Dungeon (1/15)

Altars:


Innate Abilities, Weirdness & Mutations

A weak demonic guardian rushes to your aid.


Message History

The jackal is severely wounded.
The jackal barely misses you.
Casting: Foxfire (safe; 10% risk of failure)
Confirm with . or Enter, or press ? or * to list all spells.
You conjure some foxfire!
The jackal closely misses you. The jackal bites you. x2
The jackal barely misses you. The jackal closely misses you.
Casting: Foxfire (safe; 10% risk of failure)
Confirm with . or Enter, or press ? or * to list all spells.
You don't have enough magic to cast this spell.
You hit the jackal.
You kill the jackal!
The foxfire hits the jackal.
The jackal is heavily wounded.
The foxfire hits the jackal but does no damage.
The jackal is heavily wounded.
The jackal misses you. x2; The jackal bites you.
You have reached level 2!
Your demonic ancestry asserts itself...
You feel the presence of a demonic guardian.
The jackal attacks as you move away! The jackal barely misses you.
The jackal closely misses you. The jackal barely misses you.
The jackal closely misses you. The jackal attacks as you move away!
The jackal bites you. The jackal misses you.
The jackal attacks as you move away! The jackal completely misses you.
The jackal attacks as you move away! The jackal bites you.
* * * LOW HITPOINT WARNING * * *
The jackal bites you but does no damage.
You see here a +0 club.
The jackal attacks as you move away! The jackal bites you.
* * * LOW HITPOINT WARNING * * *
The jackal barely misses you. The jackal closely misses you.
The jackal misses you.
You closely miss the jackal. The jackal bites you.
* * * LOW HITPOINT WARNING * * *
A demonic guardian appears!
The jackal barely misses you. The jackal closely misses you.
You hit the jackal but do no damage. The jackal bites you.
You die...

#........#....#.####.#
#.....##.#.##......#
#.....#.<#..#.†.##.#
#..##.#.##..#.[.##.# #
#..#>.#.....#...##.#
#.##.#.##.....#...##.#
#....#........#...##.#
####.##########...##.#
#.....@h...)...##.#
####......h......###.#
##...#.##..5..........#
#.......#.#############
#.#####.#.# ..#####.#...#.#.#
........#.#.#.#.#############
...####.#.#.#.#..............
#.#.#.#.######.........


You could see 2 jackals and a friendly quasit (summoned).

Vanquished Creatures
  2 giant cockroaches (D:1)
  2 hobgoblins (D:1)
  A jackal (D:1)
  2 ball pythons (D:1)
  A rat (D:1)
8 creatures vanquished.

Vanquished Creatures (others)
  31 foxfires (D:1)
31 creatures vanquished.

Grand Total: 39 creatures vanquished

Notes
Turn   | Place    | Note
-------+----------+-------------------------------------------
     0 | D:1      | wormed the Demonspawn Fire Elementalist began the quest for
                  | the Orb.
     0 | D:1      | Reached XP level 1. HP: 13/13 MP: 3/3
   475 | D:1      | Gained mutation: A weak demonic guardian rushes to your
                  | aid. [demonic ancestry]
   475 | D:1      | Reached XP level 2. HP: 10/20 MP: 0/5
   486 | D:1      | Slain by a jackal

Illustrated notes

Levels and vault maps discovered:
D:1:      ebering_trefoil_twist, layout_basic, minmay_misc_feat_doors,
          serial_bayou_lagoon_a

Action                   || total
-------------------------++-------
Melee: Unarmed           ||     8
 Cast: Foxfire           ||    19
Armor: Robe              ||     2
Dodge: Dodged            ||    23

Table legend: (Time is in decaauts)
 A = Elapsed time spent in this place.
 B = Non-inter-level travel time spent in this place.
 C = Inter-level travel time spent in this place.
 D = Time resting spent in this place.
 E = Time spent auto-exploring this place.
 F = Levels seen in this place.
 G = Mean time per level.
                   A        B        C        D        E       F      G
               +--------+--------+--------+--------+--------+-----+--------+
         Total |    494 |    494 |      0 |      0 |    427 |   1 |  494.0 |
       Dungeon |    494 |    494 |      0 |      0 |    427 |   1 |  494.0 |
               +--------+--------+--------+--------+--------+-----+--------+

Top non-repeatable levels by time:
     D:1: 494 daAuts
